 Dungeon Crawl Stone Soup version 0.19-a0-1920-g83281cb (webtiles) character file.

128 tiktok the Archer (level 4, 0/29 HPs)
             Began as a High Elf Hunter on Oct 24, 2016.
             Killed from afar by Natasha (7 damage)
             ... with a magic dart
             ... on level 3 of the Dungeon.
             The game lasted 00:11:08 (2372 turns).

tiktok the Archer (High Elf Hunter)                 Turns: 2372, Time: 00:11:08

Health: 0/29       AC:  3    Str: 11      XL:     4   Next: 87%
Magic:  5/5        EV: 12    Int: 12 (14) God:
Gold:   88         SH:  0    Dex: 15 (17) Spells: 0 memorised, 3 levels left

rFire  . . .     SeeInvis .     b - +0 short sword
rCold  . . .     Gourm    .     c - +0 leather armour
rNeg   . . .     Faith    .     (no shield)
rPois  .         Spirit   .     (no helmet)
rElec  .         Reflect  .     (no cloak)
rCorr  .         Harm     .     (no gloves)
MR     .....                    (no boots)
Stlth  ++........               (no amulet)
                                (no ring)
                                (no ring)

@: no status effects
A: no striking features
a: no special abilities


You were on level 3 of the Dungeon.
You were not hungry.

You visited 1 branch of the dungeon, and saw 3 of its levels.

You collected 88 gold pieces.

Inventory:

Hand Weapons
 a - a +1 shortbow
 b - a +0 short sword (weapon)
 t - a +0 long sword
Missiles
 l - 50 stones
 m - 2 javelins (quivered)
 n - 18 poisoned needles
 q - 9 bolts
 r - an arrow
 s - 51 sling bullets
Armour
 c - a +0 leather armour (worn)
Scrolls
 h - 2 scrolls of enchant armour {unknown}
 i - a scroll of random uselessness {unknown}
 j - 2 scrolls of remove curse {unknown}
 k - 6 scrolls of identify {unknown}
 o - a scroll of enchant weapon {unknown}
 p - a scroll of noise {unknown}
Comestibles
 d - 2 chunks of flesh
 f - a bread ration
 g - 4 fruits


   Skills:
 - Level 2.1 Fighting
 + Level 0.8 Short Blades
 - Level 8.0 Bows
 - Level 2.2 Dodging
 - Level 1.1 Stealth


You had 3 spell levels left.
You didn't know any spells.

Dungeon Overview and Level Annotations

Branches:
Dungeon (3/15)

Altars:
Gozag
Okawaru

Annotations:
D:3 Natasha


Message History

Natasha barely misses you.
You hit Natasha but do no damage.
Natasha is heavily wounded.
Natasha claws you.
You closely miss Natasha.
Natasha is heavily wounded.
Natasha claws you. Natasha closely misses you.
You closely miss Natasha.
Natasha is heavily wounded.
Natasha claws you.
* * * LOW HITPOINT WARNING * * *
You aren't carrying any potions.
You hit Natasha.
Natasha is severely wounded.
Natasha misses you.
You hit Natasha but do no damage.
Natasha is severely wounded.
Natasha stares at you and mumbles some strange words.
The magic dart hits you!
You die...

#.....######..##.###...
........................
....###.#####..##.######
....# #...###...#.# #.
.##.# #..#).#.#.# #.
.##( #...##.#.# #.
.....#####†.###.#.# #.
#...(..........#.# #..
####.h@(.......# #..
#.(.(......?# ...
#.(.........# ###.
#######.###... #. #..#
.## ## #... # ####


You could see Natasha.

Vanquished Creatures
  6 adders
  An ooze (D:1)
  2 worms (D:3)
  A leopard gecko (D:2)
  An orc (D:3)
  4 giant cockroaches
  5 goblins
  10 hobgoblins
  14 kobolds
  3 quokkas (D:2)
  A ball python (D:3)
  8 bats
  A frilled lizard (D:2)
  4 rats
61 creatures vanquished.

Notes
Turn   | Place    | Note
-------+----------+-------------------------------------------
     0 | D:1      | tiktok the High Elf Hunter began the quest for the Orb.
     0 | D:1      | Reached XP level 1. HP: 14/14 MP: 2/2
   195 | D:1      | Reached XP level 2. HP: 19/19 MP: 3/3
   241 | D:1      | Reached skill level 6 in Bows
   566 | D:1      | Reached XP level 3. HP: 24/24 MP: 4/4
  1048 | D:2      | Reached skill level 7 in Bows
  1197 | D:2      | Found an iron altar of Okawaru.
  1203 | D:2      | Reached XP level 4. HP: 27/29 MP: 5/5
  1868 | D:3      | Reached skill level 8 in Bows
  2175 | D:3      | Found an opulent altar of Gozag.
  2360 | D:3      | Noticed Natasha
  2372 | D:3      | Killed from afar by Natasha

Vault maps used:
D:1:      ncdulo_lavacross, corexii_corridor_pit, serial_bayou_crossing
D:2:      marbit_many_paths
D:3:      yredelemnul_altar_generic, lemuel_doored_altar, uniq_natasha

Skill      XL: |  1  2  3  4 |
---------------+-------------+-----
Bows           | 6 7 8 |  8.0
Fighting       | |  2.1
Short Blades   | |  0.8
Dodging        | |  2.2
Stealth        | |  1.1

Action                   |  1- 3 |  4- 6 || total
-------------------------+-------+-------++-------
Melee: Short sword       |    18 |    87 ||   105
 Fire: Shortbow          |    62 |    40 ||   102
Throw: Stone             |       |    15 ||    15
       Javelin           |       |     2 ||     2
  Use: Potion            |       |     4 ||     4
 Stab: Sleeping          |     1 |       ||     1
  Eat: Chunk             |     1 |     4 ||     5
Armor: Leather armour    |     9 |    13 ||    22
Dodge: Dodged            |    20 |    72 ||    92
